[ AOE2 MATCH · #508085561 ]
UnrankedKhitans vs Vikings
Player's team · LOSS
Rival team · WIN
[ REPLAY ANALYSIS · EXTRACTED FROM THE RECORDED GAME ]
Feudal
11:02
Castle
23:53
Imperial
—
| APM avg | 40.0 |
| APM peak | 70 |
| eAPM avg | 21.8 |
| Villagers / military | 105 / 88 |
Focus
⚔️ 35.7% · 🌾 64.3%
Skirmisher ×42 · Archer ×19 · Camel Scout ×19 · Iron Pagoda ×8
Feudal
12:43
Castle
22:45
Imperial
42:43
| APM avg | 54.9 |
| APM peak | 85 |
| eAPM avg | 24.2 |
| Villagers / military | 143 / 163 |
Focus
⚔️ 43.4% · 🌾 56.6%
Skirmisher ×66 · Archer ×52 · Knight ×26 · Mangonel ×6 · Militia ×4 · Battering Ram ×4
Match map
Initial resources + every placement click. Lines = walls · curves = elevation contours. ◆ gold · ⬟ stone · ● berries · ✦ relic · ◌ wall gap
Your base· ✓ Closed at 23:53 · 77t walls · 1 gate(s)
AAnrrat's base· ✓ Closed at 22:45 · 36t walls · no gate
Smoothed initial terrain · ◌ = detected wall gap · hover for details
Inputs per minute
— [TYN] Space Travesti - - AAnrrat
Build order — [TYN] Space Travesti
First 150 of 321 actions detected
| 0:00 | Queue | Villager (Male) |
| 0:01 | Queue | Villager (Male) |
| 0:02 | Build | House |
| 0:04 | Build | House |
| 0:07 | Queue | Villager (Male) |
| 0:12 | Queue | Villager (Male) |
| 1:29 | Queue | Villager (Male) |
| 2:00 | Queue | Villager (Male) |
| 2:10 | Build | Lumber Camp |
| 2:15 | Queue | Villager (Male) |
| 2:53 | Queue | Villager (Male) |
| 3:05 | Queue | Villager (Male) |
| 3:34 | Queue | Villager (Male) |
| 3:39 | Build | House |
| 4:06 | Queue | Villager (Male) |
| 4:07 | Queue | Villager (Male) |
| 4:27 | Build | House |
| 4:45 | Queue | Villager (Male) |
| 4:49 | Queue | Villager (Male) |
| 5:01 | Research | Loom |
| 5:27 | Queue | Villager (Male) |
| 5:35 | Queue | Villager (Male) |
| 6:08 | Build | Mill |
| 6:15 | Build | Mill |
| 6:16 | Queue | Villager (Male) |
| 6:37 | Queue | Villager (Male) |
| 7:26 | Queue | Villager (Male) |
| 7:26 | Queue | Villager (Male) |
| 7:51 | Queue | Villager (Male) |
| 8:06 | Build | House |
| 8:30 | Queue | Villager (Male) |
| 8:52 | Research | Feudal Age |
| 8:52 | Research | Feudal Age |
| 9:01 | Build | Palisade Wall |
| 9:04 | Build | Mill |
| 9:40 | Queue | Villager (Male) |
| 9:43 | Build | Palisade Wall |
| 10:18 | Build | House |
| 10:19 | Build | Palisade Wall |
| 10:36 | Build | Palisade Wall |
| 10:58 | Build | Barracks |
| 11:02 | Age | Feudal Age |
| 11:02 | Queue | Villager (Male) |
| 11:06 | Build | Palisade Wall |
| 11:08 | Build | Palisade Wall |
| 11:18 | Queue | Villager (Male) |
| 11:27 | Build | Palisade Wall |
| 11:33 | Queue | Villager (Male) |
| 11:40 | Build | Palisade Gate |
| 12:00 | Build | Archery Range |
| 12:29 | Build | Mining Camp |
| 12:39 | Build | Palisade Wall |
| 12:40 | Build | Palisade Wall |
| 12:55 | Build | Palisade Wall |
| 13:06 | Queue | Archer |
| 13:06 | Queue | Archer |
| 13:22 | Build | Palisade Wall |
| 13:25 | Build | Palisade Wall |
| 13:27 | Build | Palisade Wall |
| 13:29 | Build | Palisade Wall |
| 13:30 | Build | Palisade Wall |
| 13:32 | Build | Palisade Wall |
| 13:34 | Build | House |
| 13:37 | Queue | Archer |
| 13:46 | Build | House |
| 13:47 | Build | Palisade Wall |
| 14:02 | Queue | Skirmisher |
| 14:07 | Queue | Villager (Male) |
| 14:08 | Queue | Villager (Male) |
| 14:16 | Queue | Archer |
| 14:29 | Queue | Villager (Male) |
| 14:35 | Build | Palisade Wall |
| 14:38 | Queue | Archer |
| 14:40 | Build | Pasture |
| 14:59 | Build | Palisade Wall |
| 15:04 | Queue | Villager (Male) |
| 15:08 | Build | Pasture |
| 15:10 | Research | Double-Bit Axe |
| 15:17 | Queue | Skirmisher |
| 15:27 | Queue | Villager (Male) |
| 15:31 | Queue | Villager (Male) |
| 15:52 | Queue | Skirmisher |
| 16:01 | Build | Blacksmith |
| 16:05 | Build | House |
| 16:14 | Build | Watch Tower |
| 16:20 | Queue | Villager (Male) |
| 16:38 | Queue | Skirmisher |
| 16:39 | Queue | Archer |
| 16:46 | Build | House |
| 16:59 | Queue | Villager (Male) |
| 17:05 | Research | Fletching |
| 17:05 | Research | Padded Archer Armor |
| 17:07 | Queue | Villager (Male) |
| 17:10 | Build | Pasture |
| 17:11 | Queue | Villager (Male) |
| 17:14 | Queue | Villager (Male) |
| 17:19 | Build | Palisade Wall |
| 17:21 | Build | Palisade Wall |
| 17:22 | Build | Palisade Wall |
| 17:29 | Queue | Villager (Male) |
| 17:38 | Queue | Villager (Male) |
| 17:43 | Build | House |
| 17:50 | Queue | Villager (Male) |
| 17:52 | Build | Pasture |
| 18:13 | Queue | Skirmisher |
| 18:14 | Queue | Villager (Male) |
| 18:21 | Build | Palisade Gate |
| 18:26 | Queue | Villager (Male) |
| 18:28 | Build | Pasture |
| 18:44 | Queue | Villager (Male) |
| 18:46 | Queue | Villager (Male) |
| 18:47 | Queue | Archer |
| 18:47 | Queue | Archer |
| 18:53 | Build | Lumber Camp |
| 18:57 | Research | Wheelbarrow |
| 19:17 | Queue | Archer |
| 19:22 | Research | Tech 1014 |
| 19:26 | Queue | Skirmisher |
| 19:26 | Queue | Skirmisher |
| 19:51 | Queue | Villager (Male) |
| 19:53 | Build | Pasture |
| 19:53 | Queue | Villager (Male) |
| 20:06 | Queue | Skirmisher |
| 20:06 | Queue | Archer |
| 20:06 | Queue | Skirmisher |
| 20:34 | Queue | Archer |
| 20:34 | Queue | Archer |
| 20:36 | Queue | Villager (Male) |
| 20:56 | Research | Castle Age |
| 21:14 | Build | House |
| 21:17 | Queue | Villager (Male) |
| 21:19 | Build | Pasture |
| 21:29 | Build | Market |
| 21:33 | Build | House |
| 21:36 | Build | House |
| 21:40 | Queue | Villager (Male) |
| 21:48 | Build | Pasture |
| 21:54 | Build | Pasture |
| 21:57 | Build | Pasture |
| 22:09 | Queue | Skirmisher |
| 22:10 | Queue | Skirmisher |
| 22:22 | Build | Pasture |
| 22:39 | Queue | Skirmisher |
| 22:43 | Queue | Villager (Male) |
| 22:54 | Build | Archery Range |
| 23:53 | Age | Castle Age |
| 23:56 | Build | Siege Workshop |
| 23:57 | Research | Bodkin Arrow |
| 23:59 | Queue | Archer |
| 24:00 | Queue | Archer |
Build order — AAnrrat
First 150 of 469 actions detected
| 0:01 | Queue | Villager (Male) |
| 0:01 | Queue | Villager (Male) |
| 0:02 | Build | House |
| 0:04 | Build | House |
| 0:13 | Queue | Villager (Male) |
| 0:15 | Queue | Villager (Male) |
| 1:25 | Queue | Villager (Male) |
| 1:25 | Queue | Villager (Male) |
| 2:08 | Queue | Villager (Male) |
| 2:11 | Build | Lumber Camp |
| 2:23 | Queue | Villager (Male) |
| 2:53 | Queue | Villager (Male) |
| 3:24 | Queue | Villager (Male) |
| 3:54 | Queue | Villager (Male) |
| 4:23 | Queue | Villager (Male) |
| 4:24 | Build | House |
| 4:41 | Queue | Villager (Male) |
| 4:56 | Build | House |
| 5:14 | Build | Barracks |
| 5:17 | Queue | Villager (Male) |
| 5:22 | Queue | Villager (Male) |
| 6:06 | Queue | Villager (Male) |
| 6:08 | Queue | Villager (Male) |
| 6:21 | Build | House |
| 6:28 | Queue | Militia |
| 6:36 | Build | Mill |
| 6:48 | Queue | Villager (Male) |
| 6:58 | Build | Palisade Wall |
| 7:11 | Queue | Militia |
| 7:21 | Queue | Militia |
| 7:25 | Queue | Villager (Male) |
| 7:36 | Queue | Villager (Male) |
| 7:43 | Build | Mill |
| 8:05 | Queue | Militia |
| 8:10 | Queue | Villager (Male) |
| 8:29 | Queue | Villager (Male) |
| 8:41 | Queue | Villager (Male) |
| 8:49 | Build | House |
| 8:52 | Build | House |
| 9:09 | Build | Farm |
| 9:26 | Queue | Villager (Male) |
| 9:39 | Build | Farm |
| 9:57 | Queue | Villager (Male) |
| 10:08 | Build | Farm |
| 10:14 | Build | Palisade Wall |
| 10:33 | Research | Feudal Age |
| 11:01 | Build | Palisade Wall |
| 11:09 | Build | Mining Camp |
| 11:16 | Queue | Villager (Male) |
| 11:38 | Queue | Villager (Male) |
| 12:02 | Build | House |
| 12:03 | Build | Palisade Wall |
| 12:14 | Build | Palisade Wall |
| 12:23 | Queue | Villager (Male) |
| 12:30 | Queue | Villager (Male) |
| 12:43 | Age | Feudal Age |
| 12:46 | Build | Archery Range |
| 12:49 | Build | Blacksmith |
| 12:53 | Research | Man-at-Arms (upgrade) |
| 13:14 | Queue | Villager (Male) |
| 13:17 | Build | Palisade Wall |
| 13:21 | Research | Double-Bit Axe |
| 13:38 | Queue | Villager (Male) |
| 13:43 | Build | House |
| 13:44 | Build | Palisade Wall |
| 13:46 | Build | Farm |
| 14:01 | Queue | Villager (Male) |
| 14:07 | Build | Farm |
| 14:10 | Research | Horse Collar |
| 14:11 | Queue | Archer |
| 14:26 | Queue | Villager (Male) |
| 14:29 | Build | Farm |
| 14:35 | Build | Farm |
| 14:43 | Queue | Archer |
| 14:44 | Research | Fletching |
| 15:01 | Build | Farm |
| 15:02 | Queue | Archer |
| 15:03 | Queue | Villager (Male) |
| 15:11 | Build | Palisade Wall |
| 15:14 | Build | Palisade Wall |
| 15:17 | Build | House |
| 15:21 | Build | Farm |
| 15:22 | Queue | Villager (Male) |
| 15:23 | Queue | Archer |
| 15:34 | Queue | Archer |
| 15:35 | Queue | Villager (Male) |
| 15:45 | Build | Farm |
| 15:50 | Build | Farm |
| 15:59 | Build | Farm |
| 16:01 | Queue | Villager (Male) |
| 16:14 | Build | Palisade Wall |
| 16:16 | Build | Palisade Wall |
| 16:23 | Build | Farm |
| 16:30 | Queue | Villager (Male) |
| 16:41 | Build | Palisade Wall |
| 16:49 | Build | Lumber Camp |
| 16:51 | Queue | Villager (Male) |
| 17:07 | Build | Farm |
| 17:11 | Queue | Archer |
| 17:17 | Queue | Villager (Male) |
| 17:22 | Queue | Skirmisher |
| 17:34 | Build | Archery Range |
| 17:40 | Queue | Archer |
| 17:58 | Build | House |
| 18:01 | Queue | Villager (Male) |
| 18:17 | Queue | Villager (Male) |
| 18:23 | Queue | Archer |
| 18:31 | Queue | Skirmisher |
| 18:35 | Build | House |
| 18:37 | Build | House |
| 19:00 | Queue | Villager (Male) |
| 19:03 | Build | Market |
| 19:20 | Queue | Archer |
| 19:20 | Queue | Archer |
| 19:30 | Research | Loom |
| 19:39 | Build | Palisade Wall |
| 19:43 | Queue | Villager (Male) |
| 19:49 | Queue | Skirmisher |
| 20:05 | Research | Castle Age |
| 20:07 | Queue | Skirmisher |
| 20:10 | Research | Padded Archer Armor |
| 20:17 | Queue | Villager (Male) |
| 20:23 | Queue | Skirmisher |
| 20:37 | Build | House |
| 20:40 | Build | House |
| 20:44 | Build | Palisade Wall |
| 20:45 | Build | Palisade Wall |
| 20:52 | Queue | Skirmisher |
| 20:52 | Queue | Skirmisher |
| 20:55 | Queue | Villager (Male) |
| 21:25 | Queue | Villager (Male) |
| 21:32 | Queue | Skirmisher |
| 21:32 | Queue | Skirmisher |
| 21:41 | Queue | Skirmisher |
| 21:43 | Queue | Archer |
| 21:43 | Queue | Archer |
| 21:50 | Build | Archery Range |
| 21:52 | Research | Gold Mining |
| 22:04 | Queue | Skirmisher |
| 22:05 | Queue | Skirmisher |
| 22:15 | Queue | Villager (Male) |
| 22:26 | Queue | Villager (Male) |
| 22:45 | Age | Castle Age |
| 22:48 | Research | Bodkin Arrow |
| 22:54 | Build | Siege Workshop |
| 23:02 | Build | Town Center |
| 23:14 | Queue | Archer |
| 23:14 | Research | Crossbowman (upgrade) |
| 23:27 | Build | University |
| 23:29 | Queue | Archer |
Match timeline
| 5:14 | AAnrrat · first_building Barracks |
| 6:58 | AAnrrat · wall_segment Palisade Wall x1 |
| 9:01 | [TYN] Space Travesti · wall_segment Palisade Wall x11 |
| 9:43 | [TYN] Space Travesti · wall_segment Palisade Wall x7 |
| 10:14 | AAnrrat · wall_segment Palisade Wall x5 |
| 10:19 | [TYN] Space Travesti · wall_segment Palisade Wall x1 |
| 10:36 | [TYN] Space Travesti · wall_segment Palisade Wall x1 |
| 10:58 | [TYN] Space Travesti · first_building Barracks |
| 11:01 | AAnrrat · wall_segment Palisade Wall x4 |
| 11:02 | [TYN] Space Travesti · age_up feudal |
| 11:06 | [TYN] Space Travesti · wall_segment Palisade Wall x1 |
| 11:08 | [TYN] Space Travesti · wall_segment Palisade Wall x1 |
| 11:27 | [TYN] Space Travesti · wall_segment Palisade Wall x1 |
| 12:00 | [TYN] Space Travesti · first_building Archery Range |
| 12:03 | AAnrrat · wall_segment Palisade Wall x2 |
| 12:14 | AAnrrat · wall_segment Palisade Wall x8 |
| 12:39 | [TYN] Space Travesti · wall_segment Palisade Wall x5 |
| 12:40 | [TYN] Space Travesti · wall_segment Palisade Wall x1 |
| 12:43 | AAnrrat · age_up feudal |
| 12:46 | AAnrrat · first_building Archery Range |
| 12:55 | [TYN] Space Travesti · wall_segment Palisade Wall x1 |
| 13:17 | AAnrrat · wall_segment Palisade Wall x2 |
| 13:22 | [TYN] Space Travesti · wall_segment Palisade Wall x1 |
| 13:25 | [TYN] Space Travesti · wall_segment Palisade Wall x1 |
| 13:27 | [TYN] Space Travesti · wall_segment Palisade Wall x1 |
| 13:29 | [TYN] Space Travesti · wall_segment Palisade Wall x1 |
| 13:30 | [TYN] Space Travesti · wall_segment Palisade Wall x1 |
| 13:32 | [TYN] Space Travesti · wall_segment Palisade Wall x1 |
| 13:44 | AAnrrat · wall_segment Palisade Wall x1 |
| 13:47 | [TYN] Space Travesti · wall_segment Palisade Wall x12 |
| 14:35 | [TYN] Space Travesti · wall_segment Palisade Wall x8 |
| 14:59 | [TYN] Space Travesti · wall_segment Palisade Wall x6 |
| 15:11 | AAnrrat · wall_segment Palisade Wall x1 |
| 15:14 | AAnrrat · wall_segment Palisade Wall x6 |
| 16:14 | AAnrrat · wall_segment Palisade Wall x1 |
| 16:16 | AAnrrat · wall_segment Palisade Wall x1 |
| 16:41 | AAnrrat · wall_segment Palisade Wall x1 |
| 17:19 | [TYN] Space Travesti · wall_segment Palisade Wall x13 |
| 17:21 | [TYN] Space Travesti · wall_segment Palisade Wall x2 |
| 17:22 | [TYN] Space Travesti · wall_segment Palisade Wall x3 |
| 19:39 | AAnrrat · wall_segment Palisade Wall x1 |
| 20:44 | AAnrrat · wall_segment Palisade Wall x1 |
| 20:45 | AAnrrat · wall_segment Palisade Wall x1 |
| 22:45 | AAnrrat · age_up castle |
| 22:54 | AAnrrat · first_building Siege Workshop |
| 23:53 | [TYN] Space Travesti · age_up castle |
| 23:56 | [TYN] Space Travesti · first_building Siege Workshop |
| 24:44 | [TYN] Space Travesti · first_market_sell 100 food |
| 24:50 | AAnrrat · first_market_sell 100 food |
| 26:01 | [TYN] Space Travesti · first_market_buy 100 stone |
| 29:01 | AAnrrat · first_building Stable |
| 29:41 | AAnrrat · first_market_buy 100 wood |
| 32:59 | [TYN] Space Travesti · first_building Stable |
| 33:16 | [TYN] Space Travesti · wall_segment Stone Wall x1 |
| 37:42 | AAnrrat · first_building Monastery |
| 39:24 | AAnrrat · first_building Castle |
| 40:30 | [TYN] Space Travesti · first_building Castle |
| 42:43 | AAnrrat · age_up imperial |
| 42:55 | [TYN] Space Travesti · resign |
[ AI ANALYSIS · 1 CREDIT ]
What really happened in this match?
Wolo.gg analyzes every decision: build order, eco, micro, common mistakes by bracket. Personalized analysis on WhatsApp or Discord in 30 seconds.
Civ guide
Khitans
Perfil
[TYN] Space Travesti